[Event "Team 45 45 League T90"]
[Site "Internet Chess Club"]
[Date "2021.11.12"]
[Round "6"]
[White "mongmong"]
[Black "manfredo"]
[Result "1/2-1/2"]
[WhiteElo "1523"]
[BlackElo "1516"]
[Opening "Grünfeld: Russian, Byrne (Simagin) variation"]
[ECO "D97"]
[Time "17:01:37"]
[PlyCount "73"]
[TimeControl "2700+45"]

1. d4 Nf6 2. Nf3 g6 3. c4 Bg7 4. Nc3 d5 5. Qb3 dxc4 6. Qxc4 O-O 7. e4 Nc6 8. Be2
Nd7 9. Be3 Nb6 10. Qc5 f5 11. e5 f4 12. Bd2 Bg4 13. Ng5 Qd7 14. f3 Nxd4 15.
O-O-O Nxe2+ 16. Nxe2 Bf5 17. Nxf4 Qa4 18. a3 Nc4 19. Ne4 Bxe5 20. Nd3 Bd6 21.
Nxd6 cxd6 22. Qb4 Qxb4 23. Nxb4 Rac8 24. Bc3 a5 25. Nd5 Kf7 26. Rhe1 e6 27. Ne3
Nxe3 28. Rxe3 d5 29. Kd2 d4 30. Bxd4 Rc2+ 31. Ke1 Rxg2 32. Re2 Rxe2+ 33. Kxe2
Rc8 34. Bc3 Ke7 35. Bxa5 Rc2+ 36. Rd2 Rxd2+ 37. Bxd2 {Game drawn by mutual
agreement} 1/2-1/2

[Event "Team 45 45 League T90"]
[Site "Internet Chess Club"]
[Date "2021.11.14"]
[Round "6"]
[White "dalmata"]
[Black "julesraider"]
[Result "1/2-1/2"]
[WhiteElo "1555"]
[BlackElo "1513"]
[Opening "King's Indian defense, 3.Nc3"]
[ECO "E61"]
[Time "14:02:17"]
[PlyCount "51"]
[TimeControl "2700+45"]

1. d4 Nf6 2. c4 g6 3. Nc3 Bg7 4. Nf3 O-O 5. Bf4 d6 6. e3 Nbd7 7. Be2 e5 8. dxe5
dxe5 9. Nxe5 Re8 10. Nxd7 Bxd7 11. O-O c6 12. Qb3 b6 13. Rfd1 Qc8 14. Bf3 Bg4
15. Bxg4 Nxg4 16. h3 Nf6 17. Ne2 Ne4 18. Ng3 Nc5 19. Qc2 a5 20. Rac1 Ra7 21. b3
h5 22. Bd6 Nb7 23. Ne4 Qe6 24. Ng5 Qf6 25. Ne4 Qe6 26. f3 {Game drawn by mutual
agreement} 1/2-1/2

[Event "Team 45 45 League T90"]
[Site "Internet Chess Club"]
[Date "2021.11.14"]
[Round "6"]
[White "Conjurer"]
[Black "Denis240964"]
[Result "0-1"]
[WhiteElo "1152"]
[BlackElo "1405"]
[Opening "Queen's pawn, Mason variation"]
[ECO "D00"]
[Time "18:50:32"]
[PlyCount "92"]
[TimeControl "2700+45"]

1. d4 d5 2. Bf4 Bf5 3. Nf3 Nc6 4. e3 Nf6 5. h3 e6 6. a3 Be7 7. c4 O-O 8. cxd5
Nxd5 9. Nc3 Nxf4 10. exf4 Bf6 11. d5 Bxc3+ 12. bxc3 exd5 13. Be2 Re8 14. O-O Na5
15. Nd4 Bd7 16. Qd3 Qf6 17. Qg3 c5 18. Bb5 Bxb5 19. Nxb5 Qc6 20. a4 b6 21. f5
Re7 22. Rad1 a6 23. Na3 Rd8 24. Nc2 Qxa4 25. Ne3 Red7 26. f6 g6 27. Ra1 Qc6 28.
Nf5 Qxf6 29. Nh6+ Kg7 30. Ng4 Qf5 31. Rae1 Nc4 32. Ne3 Nxe3 33. Rxe3 d4 34. Re5
Qf6 35. c4 Rd6 36. f4 Re6 37. Rfe1 Rde8 38. Rxe6 Rxe6 39. Rf1 Re3 40. Qf2 Qe6
41. f5 Qf6 42. Qf4 Qxf5 43. Qd6 Qe6 44. Qf4 Re1 45. Rxe1 Qxe1+ 46. Kh2 d3 {White
resigns} 0-1

[Event "Team 45 45 League T90"]
[Site "Internet Chess Club"]
[Date "2021.11.15"]
[Round "6"]
[White "Signofthetimes"]
[Black "evan7284"]
[Result "1/2-1/2"]
[WhiteElo "1571"]
[BlackElo "1608"]
[Opening "Four knights: Italian variation"]
[ECO "C47"]
[Time "07:32:19"]
[PlyCount "51"]
[TimeControl "2700+45"]

1. e4 e5 2. Nf3 Nf6 3. Nc3 Nc6 4. Bc4 Nxe4 5. Nxe4 d5 6. Bxd5 Qxd5 7. Nc3 Qd8 8.
d3 Bg4 9. h3 Bh5 10. g4 Bg6 11. a3 Be7 12. Be3 Qd7 13. Bg5 f6 14. Bh4 O-O-O 15.
Qe2 Rhe8 16. O-O-O Nd4 17. Nxd4 exd4 18. Ne4 Bf8 19. Qf3 Qa4 20. Rhe1 Kb8 21.
Bg3 b5 22. Kd2 b4 23. b3 Qa5 24. a4 Qd5 25. Qf4 Qc6 26. Kc1 {Game drawn by
mutual agreement} 1/2-1/2

[Event "Team 45 45 League T90"]
[Site "Internet Chess Club"]
[Date "2021.11.11"]
[Round "6"]
[White "blind-warrior"]
[Black "Kingofknights"]
[Result "0-1"]
[WhiteElo "1287"]
[BlackElo "1489"]
[Opening "Queen's bishop game"]
[ECO "D00"]
[Time "16:00:31"]
[PlyCount "82"]
[TimeControl "2700+45"]

1. d4 d5 2. Bf4 Nf6 3. Nf3 c5 4. e3 Nc6 5. c3 cxd4 6. exd4 Bf5 7. Bd3 Bxd3 8.
Qxd3 e6 9. Bg5 Be7 10. Bxf6 Bxf6 11. Nbd2 O-O 12. h4 Qb6 13. Rb1 h6 14. g4 g6
15. g5 hxg5 16. hxg5 Be7 17. Qe3 Kg7 18. Ne5 Rh8 19. Rh6 Qc7 20. Qh3 Nxe5 21.
dxe5 Qxe5+ 22. Kd1 Qxg5 23. Rxh8 Rxh8 24. Qd3 Qg1+ 25. Ke2 Qg4+ 26. Nf3 Qc4 27.
Qxc4 dxc4 28. Rd1 Rd8 29. Ne5 Rxd1 30. Kxd1 b5 31. Nc6 Bc5 32. f3 g5 33. b4 cxb3
34. axb3 f5 35. b4 Bb6 36. Ne5 Kf6 37. Nd7+ Kg6 38. Nxb6 axb6 39. Ke2 Kf6 40.
Ke3 Ke5 41. Kd3 Kd5 {White resigns} 0-1

[Event "Team 45 45 League T90"]
[Site "Internet Chess Club"]
[Date "2021.11.15"]
[Round "6"]
[White "tamky70"]
[Black "tightfist"]
[Result "0-1"]
[WhiteElo "1145"]
[BlackElo "1449"]
[Opening "Scandinavian (center counter) defense"]
[ECO "B01"]
[Time "21:33:53"]
[PlyCount "134"]
[TimeControl "2700+45"]

1. e4 d5 2. e5 c5 3. h3 Bf5 4. d3 Nc6 5. Nf3 Qb6 6. Be2 e6 7. O-O g6 8. Nh4 Nxe5
9. Nxf5 exf5 10. Re1 Bg7 11. Bf1 Ne7 12. c3 O-O 13. Na3 N7c6 14. Nc2 Rad8 15.
Rb1 Nd7 16. Bf4 Rfe8 17. Qd2 Qa5 18. Rxe8+ Rxe8 19. a3 Be5 20. Re1 Qd8 21. Bg5
Bf6 22. Rxe8+ Qxe8 23. Bxf6 Nxf6 24. Qe3 Qxe3 25. Nxe3 d4 26. cxd4 cxd4 27. Nd1
a5 28. Be2 Ne5 29. f4 Nc6 30. Bf3 Kg7 31. Nf2 Nd7 32. g4 fxg4 33. hxg4 Nc5 34.
Kf1 Na4 35. b3 Nc3 36. Bxc6 bxc6 37. a4 Nd5 38. Ke2 Nxf4+ 39. Kd2 h6 40. Ne4 f5
41. gxf5 gxf5 42. Nc5 h5 43. Ke1 h4 44. Kf2 Kg6 45. Kf3 Nd5 46. Nb7 Nb4 47. Nxa5
c5 48. Nc4 Nxd3 49. a5 Nb4 50. Ke2 Kg5 51. Kf3 f4 52. Nd2 h3 53. Ne4+ Kf5 54.
Nxc5 d3 55. Nxd3 Nxd3 56. a6 Ne5+ 57. Kf2 Nc6 58. b4 Na7 59. b5 Nxb5 60. Kf3 Kg5
61. Kf2 Kg4 62. Kg1 Kg3 63. Kh1 f3 64. Kg1 h2+ 65. Kh1 Kf2 66. a7 Nxa7 67. Kxh2
Ke1 {White resigns} 0-1

[Event "Team 45 45 League T90"]
[Site "Internet Chess Club"]
[Date "2021.11.14"]
[Round "6"]
[White "QuieroAprender"]
[Black "fhunfi"]
[Result "1-0"]
[WhiteElo "1675"]
[BlackElo "1682"]
[Opening "French: exchange variation"]
[ECO "C01"]
[Time "18:18:14"]
[PlyCount "81"]
[TimeControl "2700+45"]

1. e4 e6 2. d4 d5 3. exd5 exd5 4. Bd3 Bd6 5. Nc3 c6 6. Nf3 Ne7 7. h3 O-O 8. Bg5
f6 9. Bh4 Bf5 10. Qd2 Re8 11. O-O-O Na6 12. a3 Rb8 13. g4 Bxd3 14. Qxd3 b5 15.
g5 f5 16. Ne5 Bxe5 17. dxe5 Ng6 18. Bg3 f4 19. Bh2 Rxe5 20. h4 Nc5 21. Qd4 Ne6
22. Qxa7 b4 23. axb4 Rxb4 24. b3 Nxh4 25. g6 Nxg6 26. Rdg1 Qc7 27. Qxc7 Nxc7 28.
Rxg6 hxg6 29. Bxf4 Re7 30. Bd6 Rxb3 31. cxb3 Rd7 32. Bc5 Ne6 33. Na4 Rb7 34. Kc2
Rb5 35. Bb6 c5 36. Re1 Nd4+ 37. Kd1 Nxb3 38. Re8+ Kf7 39. Rc8 c4 40. Rc7+ Kf6
41. Nc3 {Black resigns} 1-0

[Event "Team 45 45 League T90"]
[Site "Internet Chess Club"]
[Date "2021.11.13"]
[Round "6"]
[White "MrAbendroth"]
[Black "Portola"]
[Result "0-1"]
[WhiteElo "1665"]
[BlackElo "1747"]
[Opening "French: Rubinstein variation"]
[ECO "C10"]
[Time "14:30:36"]
[PlyCount "114"]
[TimeControl "2700+45"]

1. e4 e6 2. d4 d5 3. Nc3 dxe4 4. Nxe4 Be7 5. Nf3 Nd7 6. Bd3 Ngf6 7. Qe2 Nxe4 8.
Bxe4 O-O 9. Bf4 c5 10. O-O-O Qa5 11. Kb1 cxd4 12. Rxd4 Bf6 13. Bd2 Qb6 14. Rb4
Qc7 15. Ng5 h6 16. Nh7 Rd8 17. Nxf6+ Nxf6 18. Bd3 Qe7 19. a3 a5 20. Rh4 b6 21.
Rh3 Bb7 22. Rg3 Kf8 23. Bc3 Rac8 24. Be5 Rc5 25. Re1 Rdd5 26. f4 b5 27. Bc3 Qd8
28. Re3 Bc6 29. f5 exf5 30. Bxf6 gxf6 31. Qh5 Re5 32. Qxh6+ Ke7 33. Qh4 Qc7 34.
Qf2 Rxe3 35. Qxe3+ Re5 36. Qc5+ Ke8 37. Rxe5+ fxe5 38. Bxf5 b4 39. axb4 axb4 40.
Qxb4 Qa7 41. Qe1 Qd4 42. g4 e4 43. Kc1 e3 44. Qe2 Qa7 45. Kb1 Qd4 46. c3 Qc5 47.
Bd3 Qe5 48. h4 Qg3 49. h5 Kf8 50. b4 Ba4 51. Kb2 Bd7 52. Qc2 Bxg4 53. h6 Qe5 54.
h7 Kg7 55. Qg2 f5 56. Qh1 Kh8 57. Bc4 e2 {White forfeits on time} 0-1

[Event "Team 45 45 League T90"]
[Site "Internet Chess Club"]
[Date "2021.11.11"]
[Round "6"]
[White "VictorRed"]
[Black "gduranko"]
[Result "1-0"]
[WhiteElo "1651"]
[BlackElo "1411"]
[Opening "King's Indian, 3.Nf3"]
[ECO "E60"]
[Time "10:01:52"]
[PlyCount "83"]
[TimeControl "2700+45"]

1. d4 Nf6 2. Nf3 g6 3. c4 c5 4. d5 d6 5. Nc3 Bg7 6. e4 Nbd7 7. Bf4 Nh5 8. Bg5
Ne5 9. Nxe5 Bxe5 10. Be2 Nf4 11. Bxf4 Bxf4 12. g3 Be5 13. f4 Bg7 14. Qc2 Bd7 15.
Bd3 Qa5 16. O-O Qb6 17. Rae1 Bd4+ 18. Kg2 O-O-O 19. e5 dxe5 20. fxe5 Rdf8 21.
Nb5 Bxb5 22. cxb5 Qc7 23. b4 Bxe5 24. bxc5 f6 25. a4 Kd8 26. c6 Ke8 27. Qf2 bxc6
28. dxc6 Kf7 29. Bc4+ Kg7 30. Rd1 Rd8 31. Be6 Rd6 32. Bd7 Qa5 33. Rde1 Qd2 34.
Re2 Qd5+ 35. Kh3 Bd4 36. Rxe7+ Kf8 37. Qe2 Qh5+ 38. Qxh5 gxh5 39. Rfe1 Be5 40.
Re8+ Kg7 41. Rxh8 Kxh8 42. c7 {Black resigns} 1-0

[Event "Team 45 45 League T90"]
[Site "Internet Chess Club"]
[Date "2021.11.12"]
[Round "6"]
[White "ElValero"]
[Black "jaboti"]
[Result "0-1"]
[WhiteElo "1631"]
[BlackElo "1748"]
[Opening "QGD: 4.Nf3"]
[ECO "D37"]
[Time "14:00:26"]
[PlyCount "44"]
[TimeControl "2700+45"]

1. Nf3 e6 2. c4 d5 3. d4 Nf6 4. Nc3 Be7 5. cxd5 exd5 6. Bg5 c6 7. Qc2 Nbd7 8. e3
O-O 9. Bd3 Re8 10. O-O Nf8 11. Rab1 a5 12. a3 Ng6 13. Rfc1 Ne4 14. Bxe7 Qxe7 15.
b4 Ng5 16. Nd2 axb4 17. axb4 Bd7 18. b5 Ra3 19. bxc6 bxc6 20. Rb7 Rea8 21. Bf5
Bxf5 22. Qxf5 Qxb7 {White resigns} 0-1

[Event "Team 45 45 League T90"]
[Site "Internet Chess Club"]
[Date "2021.11.13"]
[Round "6"]
[White "Packerfan"]
[Black "kabindra"]
[Result "1-0"]
[WhiteElo "1778"]
[BlackElo "1643"]
[Opening "QP counter-gambit (elephant gambit)"]
[ECO "C40"]
[Time "15:30:49"]
[PlyCount "92"]
[TimeControl "2700+45"]

1. e4 e5 2. Nf3 d5 3. exd5 e4 4. Qe2 Nf6 5. Nc3 Be7 6. Nxe4 O-O 7. Nxf6+ Bxf6 8.
Qc4 Re8+ 9. Be2 Qe7 10. d4 b6 11. Be3 Ba6 12. Qb3 Bxe2 13. Kxe2 c5 14. dxc5 bxc5
15. c3 Qe4 16. Rhe1 Na6 17. Kf1 Rab8 18. Qa3 Qc4+ 19. Kg1 Red8 20. Rad1 Rb6 21.
d6 Rbxd6 22. Rxd6 Rxd6 23. Bxc5 Re6 24. Rxe6 Qxe6 25. Be3 h6 26. Qb3 Qd7 27. Qc2
Nb8 28. Qd2 Qa4 29. b3 Qa5 30. c4 Qc7 31. Nd4 a6 32. Ne2 Nc6 33. Nc3 Qe5 34. Ne2
Qa1+ 35. Nc1 Bb2 36. a4 Nd4 37. Bxd4 Bxd4 38. Qe1 Bc3 39. Qf1 Qb1 40. Qd1 Bb2
41. Qd8+ Kh7 42. Qd3+ Qxd3 43. Nxd3 Bd4 44. c5 Kg6 45. c6 Bb6 46. Ne5+ Kf6
{Black resigns} 1-0

[Event "Team 45 45 League T90"]
[Site "Internet Chess Club"]
[Date "2021.11.14"]
[Round "6"]
[White "julesraider"]
[Black "ivanson"]
[Result "0-1"]
[WhiteElo "1502"]
[BlackElo "1627"]
[Opening "King's Indian: orthodox variation"]
[ECO "E94"]
[Time "17:00:34"]
[PlyCount "58"]
[TimeControl "2700+45"]

1. d4 Nf6 2. c4 g6 3. Nc3 Bg7 4. e4 d6 5. Nf3 O-O 6. Be2 e5 7. O-O Na6 8. c5
exd4 9. Nxd4 Nxc5 10. Bf3 Re8 11. Re1 a5 12. Bg5 h6 13. Bf4 Ne6 14. Nxe6 Bxe6
15. e5 dxe5 16. Bxe5 c6 17. Qc1 Qe7 18. Ne4 Nxe4 19. Bxg7 Kxg7 20. Rxe4 Qf6 21.
Rf4 Qe5 22. Re4 Qc7 23. Qc3+ Kh7 24. Rae1 Re7 25. Qf6 Rae8 26. Bg4 Qd8 27. Bxe6
fxe6 28. Rxe6 Rxe6 29. Qf7+ Kh8 {White resigns} 0-1

[Event "Team 45 45 League T90"]
[Site "Internet Chess Club"]
[Date "2021.11.13"]
[Round "6"]
[White "julesraider"]
[Black "mongmong"]
[Result "1-0"]
[WhiteElo "1511"]
[BlackElo "1506"]
[Opening "Queen's pawn"]
[ECO "A40"]
[Time "18:03:23"]
[PlyCount "159"]
[TimeControl "2700+45"]

1. d4 e6 2. Nf3 Nf6 3. g3 b5 4. Bg2 d5 5. O-O Bb7 6. Nc3 a6 7. a3 Nbd7 8. Bg5 c5
9. Re1 Be7 10. e3 O-O 11. Ne2 Ne4 12. Bxe7 Qxe7 13. c3 Rac8 14. Nd2 Nxd2 15.
Qxd2 Nf6 16. Rac1 c4 17. Qc2 a5 18. f3 Qc7 19. e4 dxe4 20. fxe4 Ng4 21. Qd2 Nh6
22. Nf4 e5 23. Nd5 Bxd5 24. exd5 exd4 25. Qxd4 Rcd8 26. Rcd1 Nf5 27. Qg4 Nd6 28.
Qd4 Rfe8 29. Rf1 Re7 30. Rde1 Rde8 31. Qd2 f6 32. Bh3 Rxe1 33. Rxe1 Rxe1+ 34.
Qxe1 Kf8 35. Qe6 Qe7 36. Kf2 Qxe6 37. Bxe6 Ke7 38. Ke3 Nb7 39. Kd4 Nd8 40. Bc8
Kd6 41. g4 Nf7 42. Ba6 b4 43. axb4 axb4 44. cxb4 Ne5 45. h3 Nf3+ 46. Kxc4 Ng5
47. b5 Nxh3 48. b6 Nf4 49. b7 Kc7 50. d6+ Kb8 51. d7 Ne6 52. Kd5 Nd8 53. Kd6 g6
54. Ke7 Nc6+ 55. Ke8 h5 56. d8=Q+ Nxd8 57. Kxd8 hxg4 58. Ke7 f5 59. Kf6 f4 60.
Kg5 f3 61. Kxg4 f2 62. Kg3 f1=Q 63. Bxf1 Kxb7 64. Kg4 Kb6 65. Kg5 Kc5 66. b3 Kb4
67. Bc4 Kc5 68. Kxg6 Kb6 69. Kf7 Kc7 70. Ke6 Kb8 71. Kd6 Kc8 72. Kc5 Kb8 73. Kb6
Ka8 74. Bd5+ Kb8 75. Ka6 Kc7 76. b4 Kb8 77. b5 Kc7 78. Ka7 Kd6 79. Bg2 Kc7 80.
b6+ {Black resigns} 1-0

[Event "Team 45 45 League T90"]
[Site "Internet Chess Club"]
[Date "2021.11.14"]
[Round "6"]
[White "Andaluz"]
[Black "howah45"]
[Result "1/2-1/2"]
[WhiteElo "1292"]
[BlackElo "1185"]
[Opening "Caro-Kann defense"]
[ECO "B10"]
[Time "14:00:46"]
[PlyCount "56"]
[TimeControl "2700+45"]

1. e4 c6 2. e5 d6 3. Nf3 Bg4 4. exd6 Qxd6 5. Be2 Nf6 6. Nc3 Nbd7 7. d4 e6 8. h3
Bh5 9. Nh2 Bg6 10. Nf3 Be7 11. a3 Rd8 12. Be3 O-O 13. Bd3 e5 14. Bxg6 fxg6 15.
dxe5 Nxe5 16. Nxe5 Qxe5 17. Qe2 Rfe8 18. Qc4+ Kh8 19. O-O Bd6 20. g3 Ne4 21.
Nxe4 Qxe4 22. Qxe4 Rxe4 23. Rad1 Ree8 24. Bg5 Rd7 25. Bf4 Red8 26. Bg5 Re8 27.
Bf4 Red8 28. Bg5 Re8 {Game drawn by repetition} 1/2-1/2

[Event "Team 45 45 League T90"]
[Site "Internet Chess Club"]
[Date "2021.11.14"]
[Round "6"]
[White "Balderdash"]
[Black "kabubi"]
[Result "1-0"]
[WhiteElo "1208"]
[BlackElo "1153"]
[Opening "Four knights: Italian variation"]
[ECO "C55"]
[Time "21:30:24"]
[PlyCount "31"]
[TimeControl "2700+45"]

1. e4 e5 2. Nf3 Nc6 3. Bc4 Nf6 4. Nc3 Nxe4 5. Nxe4 d5 6. Bb5 dxe4 7. Nxe5 Qd5 8.
Bxc6+ bxc6 9. d4 f6 10. c4 Qa5+ 11. Bd2 Qb6 12. c5 Qxb2 13. Nxc6 Bb7 14. Rb1
Qxd4 15. Nxd4 Ba6 16. Qa4+ {Black resigns} 1-0

[Event "Team 45 45 League T90"]
[Site "Internet Chess Club"]
[Date "2021.11.15"]
[Round "6"]
[White "seattleblues"]
[Black "DaveTheRook"]
[Result "1/2-1/2"]
[WhiteElo "1326"]
[BlackElo "1401"]
[Opening "Queen's Indian: 4.Nc3"]
[ECO "E12"]
[Time "19:11:33"]
[PlyCount "52"]
[TimeControl "2700+45"]

1. d4 Nf6 2. Nf3 e6 3. c4 b6 4. Nc3 Bb7 5. e3 Be7 6. Bd3 O-O 7. O-O d5 8. cxd5
exd5 9. Re1 Nbd7 10. b3 Re8 11. Bb2 c6 12. Rc1 Bd6 13. Rc2 Ne4 14. Qb1 Ndf6 15.
Rcc1 Nxc3 16. Bxc3 Ne4 17. Ba1 h6 18. Bxe4 dxe4 19. Ne5 Qh4 20. g3 Qh3 21. Qxe4
Bxe5 22. dxe5 Rab8 23. Qg2 Qe6 24. Rcd1 c5 25. e4 Red8 26. f3 Ba6 {Game drawn by
mutual agreement} 1/2-1/2

[Event "Team 45 45 League T90"]
[Site "Internet Chess Club"]
[Date "2021.11.15"]
[Round "6"]
[White "piirimae"]
[Black "trogers41"]
[Result "1/2-1/2"]
[WhiteElo "1261"]
[BlackElo "1351"]
[Opening "KP: Indian opening"]
[ECO "C20"]
[Time "13:00:23"]
[PlyCount "42"]
[TimeControl "2700+45"]

1. e4 e5 2. d3 Nf6 3. Nf3 Nc6 4. c3 Be7 5. Nbd2 O-O 6. Be2 d5 7. O-O d4 8. Nc4
Bd6 9. a4 a5 10. cxd4 Nxd4 11. Nfxe5 Nxe2+ 12. Qxe2 Bxe5 13. Nxe5 Qd6 14. Nc4
Qe6 15. Bd2 b6 16. Rfc1 Ba6 17. Qf3 Nd7 18. Rc3 Bxc4 19. dxc4 Nc5 20. Bf4 Qxe4
21. Bxc7 Qxf3 {Game drawn by mutual agreement} 1/2-1/2

[Event "Team 45 45 League T90"]
[Site "Internet Chess Club"]
[Date "2021.11.12"]
[Round "6"]
[White "Visin"]
[Black "smsxman"]
[Result "0-1"]
[WhiteElo "1196"]
[BlackElo "1353"]
[Opening "Scandinavian (center counter) defense"]
[ECO "B01"]
[Time "11:00:20"]
[PlyCount "142"]
[TimeControl "2700+45"]

1. e4 d5 2. exd5 Qxd5 3. Nc3 Qd8 4. d3 e6 5. g3 Nf6 6. Bg2 Nd5 7. Bd2 b6 8. Nge2
Bb7 9. O-O Nc6 10. a3 Rb8 11. Re1 Be7 12. Nf4 Nxc3 13. Bxc3 O-O 14. Qg4 Bf6 15.
Ne2 Bxc3 16. Nxc3 Nd4 17. Rac1 Bxg2 18. Kxg2 Nf5 19. Rcd1 Qc8 20. Ne4 Kh8 21. d4
e5 22. Qf3 Nxd4 23. Qd3 Qb7 24. Kg1 f5 25. Nd2 Rbe8 26. c3 Nc6 27. f3 Rd8 28.
Qc2 b5 29. Nb3 Qb6+ 30. Kg2 Rde8 31. Re2 a5 32. Rd5 Rd8 33. Rxd8 Rxd8 34. Qxf5
a4 35. Rd2 Rg8 36. Nc1 Qe3 37. Qd3 Qg5 38. Qe2 h6 39. b3 Ne7 40. bxa4 bxa4 41.
Na2 c6 42. Nb4 Ng6 43. Kf2 Qf6 44. Qe4 Rc8 45. Qd3 Ne7 46. Qd6 Qg5 47. Re2 Ng6
48. Qd2 Qf6 49. Qc2 Ne7 50. Nd3 Qd6 51. Rxe5 Qxa3 52. Qb2 Qd6 53. Re1 Nd5 54.
Nb4 Qc5+ 55. Kg2 Rb8 56. Qa3 Nxc3 57. Rc1 Qxb4 58. Qxc3 a3 59. Qxb4 Rxb4 60.
Rxc6 Ra4 61. Rc1 Kg8 62. f4 Kf7 63. Kf3 Ke6 64. Ke3 Kd5 65. Kd3 Rd4+ 66. Kc2
Rc4+ 67. Kb1 Rxc1+ 68. Kxc1 Ke4 69. h3 Kf3 70. g4 Kxf4 71. Kc2 Kg3 {White
resigns} 0-1

[Event "Team 45 45 League T90"]
[Site "Internet Chess Club"]
[Date "2021.11.12"]
[Round "6"]
[White "burlap"]
[Black "Pawnchain"]
[Result "1-0"]
[WhiteElo "1038"]
[BlackElo "1305"]
[Opening "Queen's pawn, Mason variation"]
[ECO "D00"]
[Time "09:00:50"]
[PlyCount "48"]
[TimeControl "2700+45"]

1. d4 d5 2. Bf4 Nf6 3. Nd2 c5 4. c3 Nc6 5. e3 Bf5 6. Ngf3 e6 7. Be2 cxd4 8. cxd4
Bd6 9. Bxd6 Qxd6 10. O-O O-O 11. Re1 Nb4 12. Rc1 Nd3 13. Bxd3 Bxd3 14. Ne5 Bg6
15. Nxg6 hxg6 16. Nf3 Ng4 17. Qe2 f6 18. h3 Nh6 19. e4 dxe4 20. Qxe4 Rae8 21.
Qxg6 Nf5 22. Rcd1 Rc8 23. d5 Ne7 24. dxe6 Qxd1 {Black resigns} 1-0

[Event "Team 45 45 League T90"]
[Site "Internet Chess Club"]
[Date "2021.11.13"]
[Round "6"]
[White "manfredo"]
[Black "Kingofknights"]
[Result "0-1"]
[WhiteElo "1499"]
[BlackElo "1506"]
[Opening "Caro-Kann: advance variation"]
[ECO "B12"]
[Time "17:00:58"]
[PlyCount "48"]
[TimeControl "2700+45"]

1. e4 c6 2. d4 d5 3. e5 c5 4. dxc5 Qa5+ 5. Bd2 Qxc5 6. Be3 Qa5+ 7. Nc3 e6 8.
Bb5+ Nc6 9. Ne2 a6 10. Bd3 Nxe5 11. O-O Nxd3 12. Qxd3 Nf6 13. Nd4 Be7 14. Bf4
O-O 15. Nb3 Qd8 16. Rfe1 Bd6 17. Bg5 Bxh2+ 18. Kh1 Bd6 19. Re3 Be7 20. Bxf6 Bxf6
21. Rh3 g6 22. Qe3 Bg5 23. f4 Bf6 24. g4 d4 {White resigns} 0-1

[Event "Team 45 45 League T90"]
[Site "Internet Chess Club"]
[Date "2021.11.14"]
[Round "6"]
[White "Andressa"]
[Black "sdcohle"]
[Result "0-1"]
[WhiteElo "1306"]
[BlackElo "1316"]
[Opening "French defense"]
[ECO "C00"]
[Time "21:15:15"]
[PlyCount "50"]
[TimeControl "2700+45"]

1. e4 e6 2. Nc3 d5 3. exd5 exd5 4. d4 c6 5. Nf3 Bd6 6. Be2 Ne7 7. O-O O-O 8. Re1
Na6 9. a3 Ng6 10. g3 Nc7 11. Bd3 Bg4 12. Be2 Re8 13. Qd3 Qd7 14. Be3 h6 15. b4
b5 16. Nd2 Bf5 17. Nde4 dxe4 18. Qd2 Bg4 19. Bf1 a6 20. Bg2 Bf3 21. d5 Nxd5 22.
Nxd5 cxd5 23. Qxd5 Qe6 24. Qd4 Bxg2 25. Kxg2 Be5 {White resigns} 0-1

[Event "Team 45 45 League T90"]
[Site "Internet Chess Club"]
[Date "2021.11.16"]
[Round "6"]
[White "tamky70"]
[Black "WzeroMN"]
[Result "1/2-1/2"]
[WhiteElo "1142"]
[BlackElo "1079"]
[Opening "Ruy Lopez: Caro variation"]
[ECO "C70"]
[Time "13:00:41"]
[PlyCount "79"]
[TimeControl "2700+45"]

1. e4 e5 2. Nf3 Nc6 3. Bb5 a6 4. Ba4 b5 5. Bb3 Nf6 6. d3 Bc5 7. O-O O-O 8. c3 d6
9. Bc2 Qe8 10. Nbd2 Bg4 11. h3 Bxf3 12. Nxf3 b4 13. Bg5 Qe6 14. Ba4 Ne7 15. c4
c6 16. Qe2 Nd7 17. Bxe7 Qxe7 18. Bxc6 Rac8 19. Bb7 Rb8 20. Bxa6 Rb6 21. Bb5 Nf6
22. Qd2 Bd4 23. Nxd4 exd4 24. Qxb4 Ne8 25. Qd2 Nc7 26. a4 Nxb5 27. axb5 Rbb8 28.
Ra6 Ra8 29. Rfa1 Rxa6 30. Rxa6 Rd8 31. Qa5 Qe8 32. b6 Rb8 33. Qb4 Qe7 34. Ra7
Qg5 35. b7 Qc1+ 36. Kh2 Qf4+ 37. Kg1 Qc1+ 38. Kh2 Qf4+ 39. Kh1 Qc1+ 40. Kh2
{Game drawn by repetition} 1/2-1/2

[Event "Team 45 45 League T90"]
[Site "Internet Chess Club"]
[Date "2021.11.11"]
[Round "6"]
[White "oldbookseller"]
[Black "dwmt"]
[Result "0-1"]
[WhiteElo "848"]
[BlackElo "1160"]
[Opening "Queen's pawn: English defense"]
[ECO "A40"]
[Time "09:02:23"]
[PlyCount "94"]
[TimeControl "2700+45"]

1. d4 b6 2. e3 Bb7 3. b3 b5 4. Bb2 Nf6 5. Nf3 a6 6. Nbd2 d5 7. Be2 e6 8. O-O g6
9. c3 Bg7 10. c4 O-O 11. e4 bxc4 12. bxc4 dxe4 13. d5 exf3 14. Nxf3 exd5 15. Qb3
Bc6 16. h3 dxc4 17. Qxc4 Bb5 18. Rfd1 Qxd1+ 19. Rxd1 Bxc4 20. Bxc4 Nbd7 21. g4
Nb6 22. Bb3 Rfd8 23. Re1 a5 24. a4 c5 25. Ng5 Nfd5 26. Ba3 c4 27. Bc2 h6 28. Ne4
Nf4 29. Be7 Re8 30. Nd6 Nxh3+ 31. Kg2 Nf4+ 32. Kg3 g5 33. Nf5 Nbd5 34. Nxh6+
Bxh6 35. Re5 Rxe7 36. Rf5 Ne3 37. Rf6 Kg7 38. fxe3 Kxf6 39. e4 Ree8 40. Kf3 Ng6
41. Ke3 Ne5 42. Kd4 Nxg4 43. Kxc4 Rac8+ 44. Kd5 Ne3+ 45. Kd6 Nxc2 46. e5+ Rxe5
47. Kd7 Rc4 {White resigns} 0-1

[Event "Team 45 45 League T90"]
[Site "Internet Chess Club"]
[Date "2021.11.13"]
[Round "6"]
[White "fhunfi"]
[Black "rookmaster23"]
[Result "0-1"]
[WhiteElo "1699"]
[BlackElo "1646"]
[Opening "Sicilian defense"]
[ECO "B20"]
[Time "20:00:36"]
[PlyCount "72"]
[TimeControl "2700+45"]

1. e4 c5 2. b3 Nc6 3. Bb2 d6 4. Bb5 Bd7 5. Nc3 a6 6. Bxc6 Bxc6 7. f4 Nf6 8. Qe2
e5 9. O-O-O Be7 10. Nh3 O-O 11. Rhg1 b5 12. d3 b4 13. Nb1 Re8 14. g4 exf4 15.
Nxf4 a5 16. g5 Nd7 17. h4 a4 18. Rdf1 Ne5 19. Nh5 axb3 20. axb3 Bf8 21. Nd2 Ra2
22. Qg2 Qa5 23. Nf6+ gxf6 24. Bxe5 fxe5 25. Nc4 Qa7 26. h5 Ra1+ 27. Kd2 Rxf1 28.
Rxf1 Bb5 29. g6 fxg6 30. hxg6 Qg7 31. gxh7+ Kh8 32. Qf3 Bxc4 33. dxc4 Qg5+ 34.
Kd3 Bh6 35. Rf2 Rf8 36. Qe2 Qg3+ {White resigns} 0-1

[Event "Team 45 45 League T90"]
[Site "Internet Chess Club"]
[Date "2021.11.13"]
[Round "6"]
[White "liujf"]
[Black "fireball"]
[Result "1-0"]
[WhiteElo "1591"]
[BlackElo "1567"]
[Opening "Queen's pawn: London system"]
[ECO "A45"]
[Time "11:02:15"]
[PlyCount "69"]
[TimeControl "2700+45"]

1. d4 Nf6 2. Bf4 c5 3. dxc5 Na6 4. Qd4 Qa5+ 5. Nc3 Qxc5 6. O-O-O Qxd4 7. Rxd4 d6
8. Rd1 Nc7 9. e4 g6 10. f3 a6 11. Bc4 b5 12. Bb3 Be6 13. Nge2 Bxb3 14. axb3 Bg7
15. e5 dxe5 16. Bxe5 Ne6 17. Nd4 Nxd4 18. Rxd4 O-O 19. Rhd1 Nh5 20. Bxg7 Nxg7
21. Rd7 e6 22. Ne4 f5 23. Nc5 Rfc8 24. b4 a5 25. c3 axb4 26. cxb4 Ra1+ 27. Kc2
Rxd1 28. Kxd1 Rb8 29. Ke2 Kf8 30. Ke3 g5 31. Kd4 g4 32. fxg4 fxg4 33. Ke5 Rb6
34. Rd4 h5 35. Nd7+ {Black resigns} 1-0